 Dungeon Crawl Stone Soup version 0.27-a0-333-gfa571bf19a (webtiles) character file.

Game seed: 871859855941342863

2944 siradein the Basher (level 9, 0/51 HPs)
             Began as a Gargoyle Fighter on Feb 12, 2021.
             Was an Initiate of Gozag.
             Blown up by Joseph (22 damage)
             ... with a mindburst bolt
             ... on level 8 of the Dungeon.
             The game lasted 00:31:41 (8292 turns).

siradein the Basher (Gargoyle Fighter)              Turns: 8292, Time: 00:31:42

Health: 0/51       AC: 32    Str: 29    XL:     9   Next: 80%
Magic:  0/8        EV:  5    Int:  8    God:    Gozag
Gold:   487        SH: 11    Dex: 10    Spells: 8/8 levels left

rFire    + . .     SeeInvis .   C - +2 flail (protect)
rCold    . . .     Faith    .   c - +1 kite shield
rNeg     + . .     Spirit   +   B - +0 plate armour
rPois    ∞         Reflect  .   m - +0 helmet
rElec    +         Harm     .   r - +0 cloak
rCorr    .         Rampage  .   a - +0 pair of gloves
Will     .....                  (no boots)
Stlth    ..........             p - amulet of guardian spirit
HPRegen  0.17/turn              n - +6 ring of strength
MPRegen  0.11/turn              l - +4 ring of protection

@: gold aura, protection aura
A: fire resistance 1, low mp 1, negative energy resistance 1, electricity
resistance, unbreathing, petrification resistance, miasma immunity, AC +6
a: Renounce Religion, Potion Petition, Call Merchant, Bribe Branch


You were on level 8 of the Dungeon.
You worshipped Gozag.
Gozag was aware of your devotion.
You visited 2 branches of the dungeon, and saw 9 of its levels.

You collected 559 gold pieces.
You paid 72 gold pieces to Gozag.

Inventory:

Hand Weapons
 C - a +2 flail of protection (weapon)
Missiles
 t - 6 boomerangs (quivered)
Armour
 a - a +0 pair of gloves (worn)
 c - a +1 kite shield (worn)
 m - a +0 helmet (worn)
 r - a +0 cloak (worn)
 u - the +3 robe of Vukleg {rElec rF+ rC+}
   (You found it on level 7 of the Dungeon)

   It protects you from fire.
   It protects you from cold.
   It insulates you from electricity.
 B - a +0 plate armour (worn)
Jewellery
 i - a ring of wizardry
 l - a +4 ring of protection (right hand)
 n - a +6 ring of strength (left hand)
 o - a +6 ring of strength
 p - an amulet of guardian spirit (around neck)
 s - a ring of magical power
 w - a ring of wizardry
 y - a ring of magical power
Wands
 b - a wand of paralysis (6)
 g - a wand of acid (1)
 j - a wand of polymorph (13)
 q - a wand of digging (6)
 D - a wand of iceblast (5)
Scrolls
 e - 5 scrolls of identify
 f - 3 scrolls of blinking
 k - 3 scrolls of teleportation
 v - a scroll of enchant armour
 z - a scroll of amnesia
Potions
 d - 2 potions of might
 h - 2 potions of resistance
 x - 3 potions of curing
 A - a potion of brilliance
 E - 2 potions of flight
 F - 2 potions of degeneration {unknown}


   Skills:
 - Level 3.2 Fighting
 + Level 12.6 Maces & Flails
 + Level 4.0 Armour
 + Level 4.1 Shields


You had 8 spell levels left.
You didn't know any spells.
Your spell library was empty.

Dungeon Overview and Level Annotations

Branches:
Dungeon (8/15)             Temple (1/1) D:6
   Lair: D:8-11

Altars:
Ashenzari
Cheibriados
Dithmenos
Elyvilon
Fedhas
Gozag
Hepliaklqana
Kikubaaqudgha
Makhleb
Nemelex Xobeh
Okawaru
Qazlal
Ru
Sif Muna
Trog
Uskayaw
Vehumet
Wu Jian
Xom
Yredelemnul
Zin
The Shining One

Annotations:
D:8 Joseph


Innate Abilities, Weirdness & Mutations

You are resistant to torment.
Your stone body is resilient. (AC +6)
You are immune to poison.
You resist negative energy. (rN+)
You are resistant to electric shocks. (rElec)
You can survive without breathing.
You are immune to petrification.
You are immune to miasma.
Your flesh is heat resistant. (rF+)
Your magical capacity is low. (-10% MP)


Message History

Things that are here:
75 gold pieces; a +0 leather armour The centaur shouts!
You sock the wight!
Your weapon exudes an aura of protection.
The wight is almost destroyed.
The centaur is no longer distracted by gold.
The orc is no longer distracted by gold.
You block the wight's attack.
Joseph becomes distracted by the nearby gold, dreaming of imaginary riches.
The centaur becomes distracted by the nearby gold, dreaming of imaginary riches.
Joseph is no longer distracted by gold.
The orc becomes distracted by the nearby gold, dreaming of imaginary riches.
You see here 6 gold pieces.
The wight becomes distracted by the nearby gold, dreaming of imaginary riches.
Joseph becomes distracted by the nearby gold, dreaming of imaginary riches.
Things that are here:
8 gold pieces; a +0 mace The orc is no longer distracted by gold.
Items here: $ ))) [.
Joseph is no longer distracted by gold.
The centaur is no longer distracted by gold.
Things that are here:
8 gold pieces; a +1 war axe; a +0 robe The wight is no longer distracted by gold.
Found 14 gold pieces.
Found 25 gold pieces.
You start resting.
A wight is nearby!
You hit the wight but do no damage.
Your weapon exudes an aura of protection.
The wight is almost destroyed.
The wight barely misses you.
You closely miss the wight.
The wight is almost destroyed.
You block the wight's attack.
You sock the wight!
You destroy the wight!
Joseph zaps a wand.
Your mind is blasted!
You die...

#.#.#.# ######.
#.....# #.
#.....## #o
#.$..#.##########z
#..o###...$.z@$$$z
##z#.#.###########
#@##.#
########$##.#
.......@..# #
########..# #..#
#..# #..# #..#
#..# #$$#


You could see Joseph, a wight and an orc.

Vanquished Creatures
  Eustachio (D:3)
  An ice beast (D:8)
  2 orc warriors
  2 sky beasts
  Purgy (D:4)
  3 ogres
  2 centaurs
  A phantom (D:8)
  3 bullfrogs
  3 scorpions
  6 wights
  A centaur zombie (D:6)
  2 hounds
  Crazy Yiuf (D:2)
  3 jellies
  Jessica (D:3)
  2 centaur skeletons
  Ijyb (D:5)
  Natasha (thrice) (D:4)
  An iguana (D:4)
  4 orc wizards
  4 worker ants
  The ghost of Snicker the Sneak, a weakling DsDe (D:5)
  2 hound skeletons
  Robin (D:2)
  A worker ant zombie (D:5)
  8 adders
  3 gnolls (D:3)
  2 shadow imps
  A white imp (D:8)
  An ooze (D:3)
  An adder zombie (D:5)
  An adder skeleton (D:4)
  4 worms
  A dart slug (D:3)
  8 leopard geckos
  29 orcs
  6 bats
  5 giant cockroaches
  22 goblins
  9 hobgoblins
  7 jackals
  5 kobolds
  2 quokkas
  2 ball pythons
  A frilled lizard (D:2)
  A jackal skeleton (D:4)
  A leopard gecko skeleton (D:6)
  2 quokka skeletons
  7 rats
182 creatures vanquished.

Notes
Turn   | Place    | Note
-------+----------+-------------------------------------------
     0 | D:1      | siradein the Gargoyle Fighter began the quest for the Orb.
     0 | D:1      | Reached XP level 1. HP: 14/14 MP: 1/1
   310 | D:1      | Reached XP level 2. HP: 19/19 MP: 2/2
   660 | D:1      | Reached skill level 3 in Maces & Flails
  1272 | D:2      | Noticed Robin
  1291 | D:1      | Reached XP level 3. HP: 13/23 MP: 3/3
  1623 | D:2      | Killed Robin
  1624 | D:2      | Reached skill level 4 in Maces & Flails
  1754 | D:2      | Reached XP level 4. HP: 19/28 MP: 4/4
  1980 | D:2      | Found a faded altar of an unknown god.
  2323 | D:2      | Found a runed translucent door.
  2324 | D:2      | Noticed Crazy Yiuf
  2830 | D:2      | Killed Crazy Yiuf
  2831 | D:2      | Reached skill level 5 in Maces & Flails
  2831 | D:2      | Reached XP level 5. HP: 9/32 MP: 2/5
  3119 | D:3      | Noticed Jessica
  3160 | D:3      | Killed Jessica
  3396 | D:3      | Reached skill level 6 in Maces & Flails
  3488 | D:3      | Reached XP level 6. HP: 37/37 MP: 6/6
  4208 | D:3      | Gained mutation: Your magical capacity is low. (-10% MP)
                  | [potion of mutation]
  4208 | D:3      | Gained mutation: Your flesh is heat resistant. (rF+)
                  | [potion of mutation]
  4378 | D:4      | Noticed Eustachio
  4696 | D:4      | Reached skill level 7 in Maces & Flails
  4743 | D:4      | Noticed Natasha
  4753 | D:4      | Killed Natasha
  4796 | D:4      | Noticed Natasha
  4807 | D:4      | Killed Natasha
  4815 | D:4      | Reached XP level 7. HP: 40/41 MP: 4/6
  4827 | D:4      | Noticed Purgy
  4850 | D:4      | Killed Purgy
  4912 | D:4      | Noticed Natasha
  4917 | D:4      | Killed Natasha
  5518 | D:3      | Killed Eustachio
  5519 | D:3      | Reached skill level 8 in Maces & Flails
  5614 | D:5      | Entered Level 5 of the Dungeon
  5708 | D:5      | Reached skill level 9 in Maces & Flails
  5710 | D:5      | Reached XP level 8. HP: 41/46 MP: 7/7
  5884 | D:5      | Found a runed translucent door.
  5890 | D:5      | Noticed Snicker's ghost (weakling DsDe)
  6230 | D:5      | Noticed Ijyb
  6246 | D:5      | Killed Ijyb
  6359 | D:5      | Killed Snicker's ghost
  6525 | D:6      | Reached skill level 10 in Maces & Flails
  6672 | D:6      | Found a staircase to the Ecumenical Temple.
  6700 | Temple   | Entered the Ecumenical Temple
  6888 | Temple   | Became a worshipper of Gozag Ym Sagoz the Greedy
  7012 | D:6      | Reached skill level 11 in Maces & Flails
  7257 | D:6      | Found a radiant altar of Vehumet.
  7264 | D:6      | Reached XP level 9. HP: 51/51 MP: 8/8
  7267 | D:6      | Found an ornate altar of the Wu Jian Council.
  7739 | D:7      | Got a wizard robe
  7740 | D:7      | Identified the +3 robe of Vukleg {rElec rF+ rC+} (You found
                  | it on level 7 of the Dungeon)
  7906 | D:7      | Reached skill level 12 in Maces & Flails
  8226 | D:8      | Noticed Joseph
  8292 | D:8      | Blown up by Joseph

Illustrated notes

Levels and vault maps discovered:
D:1:      dpeg_arrival_line_fractal, layout_basic
D:2:      layout_basic, serial_forest, infiniplex_forest_lined_ring,
          infiniplex_forest_end_double, infiniplex_forest_straight_2,
          infiniplex_forest_straight_4, infiniplex_forest_end_2,
          infiniplex_forest_clump_small, infiniplex_forest_straight_5,
          chequers_ecumenical_altar_grove, uniq_crazy_yiuf_cottage, uniq_robin
D:3:      layout_basic, mrwooster_statue_mirror, uniq_jessica
D:4:      layout_rooms, feat_on_display, uniq_purgy, uniq_eustachio,
          uniq_natasha
D:5:      layout_loops_cross, ebering_ghost_sewer_d, uniq_ijyb
D:6:      layout_basic, minitemple, minmay_temple_entry_grid
D:7:      layout_basic, minmay_fractal_squares_5
D:8:      layout_loops_ring, solitary_fountain, uniq_joseph
Temple:   regret_index_temple_chain_breaker

Skill      XL: |  1  2  3  4  5  6  7  8  9 |
---------------+----------------------------+-----
Maces & Flails | 3 4 5 6 7 9 11 12 | 12.6
Armour         | 4 |  4.0
Shields        | 4 |  4.1
Fighting       | |  3.2

Action                   |  1- 3 |  4- 6 |  7- 9 || total
-------------------------+-------+-------+-------++-------
Melee: Flail             |   117 |   258 |   396 ||   771
  Use: Scroll            |       |     7 |     3 ||    10
       Potion            |       |     4 |     4 ||     8
 Stab: Distracted        |       |       |     1 ||     1
Armor: Scale mail        |    86 |    67 |       ||   153
       Chain mail        |       |   103 |   112 ||   215
       Plate armour      |       |       |   148 ||   148
Dodge: Dodged            |    44 |    89 |    87 ||   220
Block: Kite shield       |    91 |   196 |   203 ||   490

Table legend: (Time is in decaauts)
 A = Elapsed time spent in this place.
 B = Non-inter-level travel time spent in this place.
 C = Inter-level travel time spent in this place.
 D = Time resting spent in this place.
 E = Time spent auto-exploring this place.
 F = Levels seen in this place.
 G = Mean time per level.
                   A        B        C        D        E       F      G
               +--------+--------+--------+--------+--------+-----+--------+
         Total |   8483 |   8270 |    213 |    732 |   5658 |   9 |  942.6 |
       Dungeon |   8279 |   8081 |    198 |    732 |   5526 |   8 | 1034.9 |
        Temple |    203 |    188 |     15 |      0 |    132 |   1 |  203.0 |
               +--------+--------+--------+--------+--------+-----+--------+

Top non-repeatable levels by time:
     D:2: 1873 daAuts
     D:1: 1651 daAuts
     D:3: 1551 daAuts
     D:6: 993 daAuts
     D:5: 807 daAuts
     D:4: 690 daAuts
     D:7: 612 daAuts
  Temple: 203 daAuts
     D:8: 99 daAuts
